Workbook

Sheet budget request for May'25
A1: Monthly Cash Budget Request -May'25
A2: BU: Renewable Energy
A3: COA | B3: Description | C3: Project Sales | D3: Service | F3: Sales Support | G3: HR&GA | H3: Procurement | I3: Project Implementation | K3: Sale and Marketing | M3: Budget (MMK) | N3: Budget (USD)
A4: OPEX | C4: (MMK) | D4: (MMK) | E4: (USD) | F4: (MMK) | G4: (MMK) | H4: (MMK) | I4: (MMK) | J4: (USD) | K4: (MMK) | L4: (USD) | M4: (MMK) | N4: (USD)
A5: [21060011] PERSONAL INCOME TAX-PSG | M5: =SUM(C5:K5) -> 0 | N5: =L5+E5+J5 -> 0
A6: 61010009 Tools and Equipment | B6: Tool Charges ( Meter 1000V) Tool charges (DC Angle Grinder) Hydraulic Crimping Tools ( Cable Press) | D6: =450000+420000+230000 -> 1100000 | M6: =C6+D6+F6+G6+H6+I6+K6 -> 1100000 | N6: =L6+E6+J6 -> 0
A7: 61010027 Employee Social Insurance | M7: =C7+D7+F7+G7+H7+I7+K7 -> 0 | N7: =L7+E7+J7 -> 0
A8: 61001032 Admin - Commission and Incentive | M8: =C8+D8+F8+G8+H8+I8+K8 -> 0 | N8: =L8+E8+J8 -> 0
A9: 62010001 Admin - Advertising Expenses | B9: Matador Lectro and Winning Way facebook boosting for Apr'24 For South Dagon Branch Sighboard | K9: 600000 | L9: 300 | M9: =C9+D9+F9+G9+H9+I9+K9 -> 600000 | N9: =L9+E9+J9 -> 300
A10: 62010002 Admin - Audit Fees | M10: =C10+D10+F10+G10+H10+I10+K10 -> 0 | N10: =L10+E10+J10 -> 0
A11: 62010003 Admin - Bank Charges | M11: =C11+D11+F11+G11+H11+I11+K11 -> 0 | N11: =L11+E11+J11 -> 0
A12: 62010005 Admin - Car Fuel Expenses | B12: 9Q/3986 Car Fuel Charges. For Mandaly/Nyaung U / Meikhtilar Mandalay,Nyaung U Monthly fuel charges 3I-1627 Monthly fuel charges 5E/4761 For customer visit,appointment and site survey Monthly Fuel Charges of 9L/7702 (May'25). Monthly Fuel Charges of 1D/8707(May'25) & Clear for (Apr'25). Trip Fuel Charges for Mandalay .4D/2109 5I/4841 TGY,YGN,MDY,MLM,Myeik,Dawei,Nyaung-U,TCL,NLP,ect… | C12: =300000+300000 -> 600000 | D12: =240000+220000+500000 -> 960000 | I12: =200000+450000+500000 -> 1150000 | K12: =500000+800000+50000 -> 1350000 | M12: =C12+D12+F12+G12+H12+I12+K12 -> 4060000 | N12: =L12+E12+J12 -> 0
A13: 62010006 Admin - Car Licence Charges | M13: =C13+D13+F13+G13+H13+I13+K13 -> 0 | N13: =L13+E13+J13 -> 0
A14: 62010007 Admin - Car Repair & Maintenance Charges | B14: Mirrror Repair. For 5E/4761 Car repair for 9L/7702. 4D/2109 5I/4841 | C14: 300000 | D14: 350000 | I14: 500000 | K14: 300000 | M14: =C14+D14+F14+G14+H14+I14+K14 -> 1450000 | N14: =L14+E14+J14 -> 0
A15: 62010008 Admin - Communication & Telephone Expenses | B15: 1MW project maintenance (U San Maung) | D15: 800000 | M15: =C15+D15+F15+G15+H15+I15+K15 -> 800000 | N15: =L15+E15+J15 -> 0
A16: 62010009 Admin - Computer & Copier Repair Chgs | M16: =C16+D16+F16+G16+H16+I16+K16 -> 0 | N16: =L16+E16+J16 -> 0
A17: 62010010 Admin - Copy and Binding Charges | M17: =C17+D17+F17+G17+H17+I17+K17 -> 0 | N17: =L17+E17+J17 -> 0
A18: 62010012 Admin - Dhl Charges | M18: =C18+D18+F18+G18+H18+I18+K18 -> 0 | N18: =L18+E18+J18 -> 0
A19: 62010013 Admin - Donation Expenses | M19: =C19+D19+F19+G19+H19+I19+K19 -> 0 | N19: =L19+E19+J19 -> 0
A20: 62010014 Admin - Electricity Expenses | M20: =C20+D20+F20+G20+H20+I20+K20 -> 0 | N20: =L20+E20+J20 -> 0
A21: 62010015 Admin - Employee Bonus | M21: =C21+D21+F21+G21+H21+I21+K21 -> 0 | N21: =L21+E21+J21 -> 0
A22: 62010016 Admin - Employee Overtime Charges | B22: For YCC Event For April'2025 | D22: 200000 | K22: 50000 | M22: =C22+D22+F22+G22+H22+I22+K22 -> 250000 | N22: =L22+E22+J22 -> 0
A23: 62010017 Admin - Employee Salary Expenses | M23: =C23+D23+F23+G23+H23+I23+K23 -> 0 | N23: =L23+E23+J23 -> 0
A24: 62010019 Admin - Employee Training Expenses - Local | M24: =C24+D24+F24+G24+H24+I24+K24 -> 0 | N24: =L24+E24+J24 -> 0
A25: 62010021 Admin - Employee Travelling Expenses - Local Trip | B25: For Mandaly/Nyaung U / Meikhtilar Mandalay,Nyaung U TA & MA Charges (Myeik , Mandalay). TGY,MDY,MLM,Myeik,Dawei,Nyaung-U,TCL,NLP,ect… | C25: 800000 | D25: 4000000 | I25: 800000 | K25: 800000 | M25: =C25+D25+F25+G25+H25+I25+K25 -> 6400000 | N25: =L25+E25+J25 -> 0
A26: 62010023 Admin - Employee Uniform Expenses | M26: =C26+D26+F26+G26+H26+I26+K26 -> 0 | N26: =L26+E26+J26 -> 0
A27: 62010024 Admin - Employee Welfare Expenses | B27: For May born | G27: 25000 | M27: =C27+D27+F27+G27+H27+I27+K27 -> 25000 | N27: =L27+E27+J27 -> 0
A28: 62010025 Admin - Entertainment Expenses | B28: For customer Khaing Zin Yaw Trading | K28: 40000 | M28: =C28+D28+F28+G28+H28+I28+K28 -> 40000 | N28: =L28+E28+J28 -> 0
A29: 62010026 Admin - Gift & Present Expenses | M29: =C29+D29+F29+G29+H29+I29+K29 -> 0 | N29: =L29+E29+J29 -> 0
A30: 62010027 Admin - Miscellaneous Expenses | M30: =C30+D30+F30+G30+H30+I30+K30 -> 0 | N30: =L30+E30+J30 -> 0
A31: 62010028 Admin - Office Rental Expenses | B31: Building Rental Office Charges | G31: 10000000 | M31: =C31+D31+F31+G31+H31+I31+K31 -> 10000000 | N31: =L31+E31+J31 -> 0
A32: 62010029 Admin - Office Repair & Maintenance Charges | M32: =C32+D32+F32+G32+H32+I32+K32 -> 0 | N32: =L32+E32+J32 -> 0
A33: 62010030 Admin - Office Supplies Expenses | B33: drinking water and flower cash | G33: 100000 | M33: =C33+D33+F33+G33+H33+I33+K33 -> 100000 | N33: =L33+E33+J33 -> 0
A34: 62010031 Admin - Printing and Stationery | M34: =C34+D34+F34+G34+H34+I34+K34 -> 0 | N34: =L34+E34+J34 -> 0
A35: 62010032 Admin - Business License Expenses | B35: Cycle License Extension(84W/44468) | G35: 80000 | M35: =C35+D35+F35+G35+H35+I35+K35 -> 80000 | N35: =L35+E35+J35 -> 0
A36: 62010035 Admin - Employee Party Expenses | M36: =C36+D36+F36+G36+H36+I36+K36 -> 0 | N36: =L36+E36+J36 -> 0
A37: 62010036 Admin - Legal Fees | M37: =C37+D37+F37+G37+H37+I37+K37 -> 0 | N37: =L37+E37+J37 -> 0
A38: 62010037 Admin - R & D Expenses | M38: =C38+D38+F38+G38+H38+I38+K38 -> 0 | N38: =L38+E38+J38 -> 0
A39: 62010038 Admin- Labour Cost | B39: Labour charges | F39: 300000 | M39: =C39+D39+F39+G39+H39+I39+K39 -> 300000 | N39: =L39+E39+J39 -> 0
A40: 62010040 Admin- Taxes, fees and charges | B40: Income tax for April'25 (Phyo Thu, Aung Ko Ko Oo, Hay Mar Soe, Thin Zar Kham Aung,Kaung Myat Kyaw, Aung Myat Thu) | G40: 54032 | M40: =C40+D40+F40+G40+H40+I40+K40 -> 54032 | N40: =L40+E40+J40 -> 0
A41: 62010041 Admin- External service cost | M41: =C41+D41+F41+G41+H41+I41+K41 -> 0 | N41: =L41+E41+J41 -> 0
A42: 62010046 Admin - Stock Maintenance (units,parts) | M42: =C42+D42+F42+G42+H42+I42+K42 -> 0 | N42: =L42+E42+J42 -> 0
A43: 62010049 Admin - Car Bridge Charges Expenses | M43: =C43+D43+F43+G43+H43+I43+K43 -> 0 | N43: =L43+E43+J43 -> 0
A44: 62010050 Admin - Generator & Other Machine repair and Maintain | M44: =C44+D44+F44+G44+H44+I44+K44 -> 0 | N44: =L44+E44+J44 -> 0
A45: 62010051 Admin - Employee Transportation & Ferry Charges | B45: TGY,YGN,MDY,MLM,Myeik,Dawei,Nyaung-U,TCL,NLP,ect… Office use (For cash out & other necessary) | C45: 30000 | D45: =200000+80000 -> 280000 | K45: 50000 | M45: =C45+D45+F45+G45+H45+I45+K45 -> 360000 | N45: =L45+E45+J45 -> 0
A46: 62010052 Admin - Employee Meal Allowance | M46: =C46+D46+F46+G46+H46+I46+K46 -> 0 | N46: =L46+E46+J46 -> 0
A47: 62010053 Admin - Employee Medical Expenses | M47: =C47+D47+F47+G47+H47+I47+K47 -> 0 | N47: =L47+E47+J47 -> 0
A48: 62010054 Admin - Employee SSB Expenses | B48: For April'25 | G48: 657500 | M48: =C48+D48+F48+G48+H48+I48+K48 -> 657500 | N48: =L48+E48+J48 -> 0
A49: 62010056 Admin - Operation Expenses | M49: =C49+D49+F49+G49+H49+I49+K49 -> 0 | N49: =L49+E49+J49 -> 0
A50: 62010057 Admin - Machine Rental Chgs | M50: =C50+D50+F50+G50+H50+I50+K50 -> 0 | N50: =L50+E50+J50 -> 0
A51: 62010058 Admin - Software Expenses | M51: =C51+D51+F51+G51+H51+I51+K51 -> 0 | N51: =L51+E51+J51 -> 0
A52: 62010059 Admin - Machine Repair & Maintenance | M52: =C52+D52+F52+G52+H52+I52+K52 -> 0 | N52: =L52+E52+J52 -> 0
A53: 62010060 Admin - Sales and Marketing Expenses | M53: =C53+D53+F53+G53+H53+I53+K53 -> 0 | N53: =L53+E53+J53 -> 0
A54: COGS | M54: =C54+D54+F54+G54+H54+I54+K54 -> 0 | N54: =L54+E54+J54 -> 0
A55: COGS - DHL Charges / Border Charges | B55: DHL Charges / Border Charges Installation & Labour Charges | D55: 1500000 | H55: 400000 | M55: =C55+D55+F55+G55+H55+I55+K55 -> 1900000 | N55: =L55+E55+J55 -> 0
A56: [51010001] COGS - Units & Parts | B56: Local Purchase for Spare Part For Travelling For travelling and office use Loading 40ft Container@2 at Wi Food, Crane unloading charges of Solar Pallet @5 at HO,Transport Solar 10pallet from HO to MKN,Transportation & Crane unloading charges if have sales ,we need to transport machine and arrange for delivery & crane loading/ unloading process. Delivery Purchase Materials for Mandalay and Unloading Crane Charges for 11KV Materials in Myeik Materials Charges of 200KW On-Grid Solar System Installation .(200KW Solar Stand,DB & Busbar Panel).(Final Payment 25%) (Customer Daw Swe Swe Myint).. Installation Charges for 150KW HV On/Off Grid Hybrid Solar System Installation. (Customer U San Htun) , (Down Payment 50 %). Materials Charges for 150KW HV On/Off Grid Hybrid Solar System Installation. (Customer U San Htun) Materials Charges of 150KW HV On/Off Grid Hybrid Solar System Installation .(150KW Solar Stand,DB & Busbar Panel).(Down Payment 75%) (Customer U San Htun) TGY,YGN,MDY,MLM,Myeik,Dawei,Nyaung-U,TCL,NLP,ect…. | D56: 20000000 | F56: 30000000 | H56: 30000000 | I56: =800000+3449500+13500000+19000000+10348500 -> 47098000 | M56: =C56+D56+F56+G56+H56+I56+K56 -> 127098000 | N56: =L56+E56+J56 -> 0
A57: COGS - Part | M57: =C57+D57+F57+G57+H57+I57+K57 -> 0 | N57: =L57+E57+J57 -> 0
A58: Transportation Charges-Units | M58: =C58+D58+F58+G58+H58+I58+K58 -> 0 | N58: =L58+E58+J58 -> 0
A59: 51020046COGS - Mecc Alte Spare Parts | M59: =C59+D59+F59+G59+H59+I59+K59 -> 0 | N59: =L59+E59+J59 -> 0
A60: 51010054 COGS - Commission Units, ASM /Sales man Incentive | B60: For ASM Tint Lwin Oo,San Naing Lin,Arkar Kyaw For ASM Apr'25 incentive for Mar'25 | F60: 224200 | K60: =900000+1000000 -> 1900000 | M60: =C60+D60+F60+G60+H60+I60+K60 -> 2124200 | N60: =L60+E60+J60 -> 0
A61: 51010061 COGS - Units Licence And Duty Cost | M61: =SUM(C61:K61) -> 0 | N61: =L61+E61+J61 -> 0
A62: Repossess Expenses | M62: =SUM(C62:K62) -> 0 | N62: =L62+E62+J62 -> 0
A63: Fixed Assets(CAPX) | M63: =SUM(C63:K63) -> 0 | N63: =L63+E63+J63 -> 0
M64: =SUM(C64:K64) -> 0 | N64: =L64+E64+J64 -> 0
A65: [15020001] FA - Computer and Electrical Equipment | M65: =SUM(C65:K65) -> 0 | N65: =L65+E65+J65 -> 0
A66: Total Amount | C66: =SUBTOTAL(9,C5:C65) -> 1730000 | D66: =SUBTOTAL(9,D5:D65) -> 29190000 | E66: =SUBTOTAL(9,E5:E65) -> 0 | F66: =SUBTOTAL(9,F5:F65) -> 30524200 | G66: =SUBTOTAL(9,G5:G65) -> 10916532 | H66: =SUBTOTAL(9,H5:H65) -> 30400000 | I66: =SUBTOTAL(9,I5:I65) -> 49548000 | J66: =SUBTOTAL(9,J5:J65) -> 0 | ... N66: =SUBTOTAL(9,N5:N65) -> 300
A67: Prepared By | B67: Checked By | F67: Approved By | H67: Acknowledged By | M67: Approved By
A70: Finance & Account | B70: Finance & Account | F70: AGM/GM | H70: ACOO/COO/VCM | M70: MD/CWM
A72: Please insert COA (as per ERP) if required.
A74: Please do not change COA as menitoned above.

Sheet Budget Vs Actual Comparison 
A1: Cash Budget Vs Actual Comparison -Mar''24 | E1: Income | F1: MMK
F2: USD
A3: BU: -----------REN---------------- | E3: Exchange Rate
A4: COA | B4: Budget (USD) | C4: Budget (MMK) | D4: Actual (USD) | E4: Actual (MMK) | F4: Variance (USD) | G4: Variance (MMK) | J4: Cash COA | K4: Actual Net(out) (USD) | L4: Actual Net(out) (MMK)
A5: OPEX
A6: [21060011] PERSONAL INCOME TAX-PSG | B6: =SUMIF('budget request for May''25'!$A:$A,'Budget Vs Actual Comparison '!$A:$A,'budget request for May''25'!$N:$N) -> 0 | C6: =SUMIF('budget request for May''25'!$A:$A,'Budget Vs Actual Comparison '!$A:$A,'budget request for May''25'!$M:$M) -> 0 | D6: =K6 -> 0 | E6: =L6 -> 0 | F6: =D6-B6 -> 0 | G6: =E6-C6 -> 0 | J6: PERSONAL INCOME TAX-PSG | K6: =SUMIFS('Cash Book'!$E:$E,'Cash Book'!$H:$H,'Budget Vs Actual Comparison '!$J:$J) -> 0 | L6: =SUMIFS('Cash Book'!$F:$F,'Cash Book'!$H:$H,'Budget Vs Actual Comparison '!$J:$J) -> 0
A7: 61010009 Tools and Equipment | B7: =SUMIF('budget request for May''25'!$A:$A,'Budget Vs Actual Comparison '!$A:$A,'budget request for May''25'!$N:$N) -> 0 | C7: =SUMIF('budget request for May''25'!$A:$A,'Budget Vs Actual Comparison '!$A:$A,'budget request for May''25'!$M:$M) -> 1100000 | D7: =K7 -> 0 | E7: =L7 -> 0 | F7: =D7-B7 -> 0 | G7: =E7-C7 -> -1100000 | J7: Tools and Equipment | K7: =SUMIF('Cash Book'!H:H,'Budget Vs Actual Comparison '!J:J,'Cash Book'!E:E) -> 0 | L7: =SUMIFS('Cash Book'!$F:$F,'Cash Book'!$H:$H,'Budget Vs Actual Comparison '!$J:$J) -> 0
A8: 61010011 Travelling cost of sale team | B8: =SUMIF('budget request for May''25'!$A:$A,'Budget Vs Actual Comparison '!$A:$A,'budget request for May''25'!$N:$N) -> 0 | C8: =SUMIF('budget request for May''25'!$A:$A,'Budget Vs Actual Comparison '!$A:$A,'budget request for May''25'!$M:$M) -> 0 | D8: =K8 -> 0 | E8: =L8 -> 0 | F8: =D8-B8 -> 0 | G8: =E8-C8 -> 0 | J8: Travelling cost of sale team | K8: =SUMIF('Cash Book'!H:H,'Budget Vs Actual Comparison '!J:J,'Cash Book'!E:E) -> 0 | L8: =SUMIFS('Cash Book'!$F:$F,'Cash Book'!$H:$H,'Budget Vs Actual Comparison '!$J:$J) -> 0
A9: 61010027 Employee Social Insurance | B9: =SUMIF('budget request for May''25'!$A:$A,'Budget Vs Actual Comparison '!$A:$A,'budget request for May''25'!$N:$N) -> 0 | C9: =SUMIF('budget request for May''25'!$A:$A,'Budget Vs Actual Comparison '!$A:$A,'budget request for May''25'!$M:$M) -> 0 | D9: =K9 -> 0 | E9: =L9 -> 0 | F9: =D9-B9 -> 0 | G9: =E9-C9 -> 0 | J9: Employee Social Insurance | K9: =SUMIF('Cash Book'!H:H,'Budget Vs Actual Comparison '!J:J,'Cash Book'!E:E) -> 0 | L9: =SUMIFS('Cash Book'!$F:$F,'Cash Book'!$H:$H,'Budget Vs Actual Comparison '!$J:$J) -> 0
A10: 61001032 Admin - Commission and Incentive | B10: =SUMIF('budget request for May''25'!$A:$A,'Budget Vs Actual Comparison '!$A:$A,'budget request for May''25'!$N:$N) -> 0 | C10: =SUMIF('budget request for May''25'!$A:$A,'Budget Vs Actual Comparison '!$A:$A,'budget request for May''25'!$M:$M) -> 0 | D10: =K10 -> 0 | E10: =L10 -> 0 | F10: =D10-B10 -> 0 | G10: =E10-C10 -> 0 | J10: Commission and Incentive | K10: =SUMIF('Cash Book'!H:H,'Budget Vs Actual Comparison '!J:J,'Cash Book'!E:E) -> 0 | L10: =SUMIFS('Cash Book'!$F:$F,'Cash Book'!$H:$H,'Budget Vs Actual Comparison '!$J:$J) -> 0
A11: 62010001 Admin - Advertising Expenses | B11: =SUMIF('budget request for May''25'!$A:$A,'Budget Vs Actual Comparison '!$A:$A,'budget request for May''25'!$N:$N) -> 300 | C11: =SUMIF('budget request for May''25'!$A:$A,'Budget Vs Actual Comparison '!$A:$A,'budget request for May''25'!$M:$M) -> 600000 | D11: =K11 -> 0 | E11: =L11 -> 0 | F11: =D11-B11 -> -300 | G11: =E11-C11 -> -600000 | J11: Advertising Expenses | K11: =SUMIF('Cash Book'!H:H,'Budget Vs Actual Comparison '!J:J,'Cash Book'!E:E) -> 0 | L11: =SUMIFS('Cash Book'!$F:$F,'Cash Book'!$H:$H,'Budget Vs Actual Comparison '!$J:$J) -> 0
A12: 62010002 Admin - Audit Fees | B12: =SUMIF('budget request for May''25'!$A:$A,'Budget Vs Actual Comparison '!$A:$A,'budget request for May''25'!$N:$N) -> 0 | C12: =SUMIF('budget request for May''25'!$A:$A,'Budget Vs Actual Comparison '!$A:$A,'budget request for May''25'!$M:$M) -> 0 | D12: =K12 -> 0 | E12: =L12 -> 0 | F12: =D12-B12 -> 0 | G12: =E12-C12 -> 0 | J12: Audit Fees | K12: =SUMIF('Cash Book'!H:H,'Budget Vs Actual Comparison '!J:J,'Cash Book'!E:E) -> 0 | L12: =SUMIFS('Cash Book'!$F:$F,'Cash Book'!$H:$H,'Budget Vs Actual Comparison '!$J:$J) -> 0
A13: 62010003 Admin - Bank Charges | B13: =SUMIF('budget request for May''25'!$A:$A,'Budget Vs Actual Comparison '!$A:$A,'budget request for May''25'!$N:$N) -> 0 | C13: =SUMIF('budget request for May''25'!$A:$A,'Budget Vs Actual Comparison '!$A:$A,'budget request for May''25'!$M:$M) -> 0 | D13: =K13 -> 0 | E13: =L13 -> 0 | F13: =D13-B13 -> 0 | G13: =E13-C13 -> 0 | J13: Bank Charges | K13: =SUMIF('Cash Book'!H:H,'Budget Vs Actual Comparison '!J:J,'Cash Book'!E:E) -> 0 | L13: =SUMIFS('Cash Book'!$F:$F,'Cash Book'!$H:$H,'Budget Vs Actual Comparison '!$J:$J) -> 0
A14: 62010005 Admin - Car Fuel Expenses | B14: =SUMIF('budget request for May''25'!$A:$A,'Budget Vs Actual Comparison '!$A:$A,'budget request for May''25'!$N:$N) -> 0 | C14: =SUMIF('budget request for May''25'!$A:$A,'Budget Vs Actual Comparison '!$A:$A,'budget request for May''25'!$M:$M) -> 4060000 | D14: =K14 -> 0 | E14: =L14 -> 0 | F14: =D14-B14 -> 0 | G14: =E14-C14 -> -4060000 | J14: Car Fuel Expenses | K14: =SUMIF('Cash Book'!H:H,'Budget Vs Actual Comparison '!J:J,'Cash Book'!E:E) -> 0 | L14: =SUMIFS('Cash Book'!$F:$F,'Cash Book'!$H:$H,'Budget Vs Actual Comparison '!$J:$J) -> 0
A15: 62010006 Admin - Car Licence Charges | B15: =SUMIF('budget request for May''25'!$A:$A,'Budget Vs Actual Comparison '!$A:$A,'budget request for May''25'!$N:$N) -> 0 | C15: =SUMIF('budget request for May''25'!$A:$A,'Budget Vs Actual Comparison '!$A:$A,'budget request for May''25'!$M:$M) -> 0 | D15: =K15 -> 0 | E15: =L15 -> 0 | F15: =D15-B15 -> 0 | G15: =E15-C15 -> 0 | J15: Car Licence Charges | K15: =SUMIF('Cash Book'!H:H,'Budget Vs Actual Comparison '!J:J,'Cash Book'!E:E) -> 0 | L15: =SUMIFS('Cash Book'!$F:$F,'Cash Book'!$H:$H,'Budget Vs Actual Comparison '!$J:$J) -> 0
A16: 62010007 Admin - Car Repair & Maintenance Charges | B16: =SUMIF('budget request for May''25'!$A:$A,'Budget Vs Actual Comparison '!$A:$A,'budget request for May''25'!$N:$N) -> 0 | C16: =SUMIF('budget request for May''25'!$A:$A,'Budget Vs Actual Comparison '!$A:$A,'budget request for May''25'!$M:$M) -> 1450000 | D16: =K16 -> 0 | E16: =L16 -> 0 | F16: =D16-B16 -> 0 | G16: =E16-C16 -> -1450000 | J16: Car Repair & Maintenance Charges | K16: =SUMIF('Cash Book'!H:H,'Budget Vs Actual Comparison '!J:J,'Cash Book'!E:E) -> 0 | L16: =SUMIFS('Cash Book'!$F:$F,'Cash Book'!$H:$H,'Budget Vs Actual Comparison '!$J:$J) -> 0
A17: 62010008 Admin - Communication & Telephone Expenses | B17: =SUMIF('budget request for May''25'!$A:$A,'Budget Vs Actual Comparison '!$A:$A,'budget request for May''25'!$N:$N) -> 0 | C17: =SUMIF('budget request for May''25'!$A:$A,'Budget Vs Actual Comparison '!$A:$A,'budget request for May''25'!$M:$M) -> 800000 | D17: =K17 -> 0 | E17: =L17 -> 0 | F17: =D17-B17 -> 0 | G17: =E17-C17 -> -800000 | J17: Communication & Telephone Expenses | K17: =SUMIF('Cash Book'!H:H,'Budget Vs Actual Comparison '!J:J,'Cash Book'!E:E) -> 0 | L17: =SUMIFS('Cash Book'!$F:$F,'Cash Book'!$H:$H,'Budget Vs Actual Comparison '!$J:$J) -> 0
A18: 62010009 Admin - Computer & Copier Repair Chgs | B18: =SUMIF('budget request for May''25'!$A:$A,'Budget Vs Actual Comparison '!$A:$A,'budget request for May''25'!$N:$N) -> 0 | C18: =SUMIF('budget request for May''25'!$A:$A,'Budget Vs Actual Comparison '!$A:$A,'budget request for May''25'!$M:$M) -> 0 | D18: =K18 -> 0 | E18: =L18 -> 0 | F18: =D18-B18 -> 0 | G18: =E18-C18 -> 0 | J18: Computer & Copier Repair Chgs | K18: =SUMIF('Cash Book'!H:H,'Budget Vs Actual Comparison '!J:J,'Cash Book'!E:E) -> 0 | L18: =SUMIFS('Cash Book'!$F:$F,'Cash Book'!$H:$H,'Budget Vs Actual Comparison '!$J:$J) -> 0
A19: 62010010 Admin - Copy and Binding Charges | B19: =SUMIF('budget request for May''25'!$A:$A,'Budget Vs Actual Comparison '!$A:$A,'budget request for May''25'!$N:$N) -> 0 | C19: =SUMIF('budget request for May''25'!$A:$A,'Budget Vs Actual Comparison '!$A:$A,'budget request for May''25'!$M:$M) -> 0 | D19: =K19 -> 0 | F19: =D19-B19 -> 0 | G19: =E19-C19 -> 0 | J19: Copy and Binding Charges | K19: =SUMIF('Cash Book'!H:H,'Budget Vs Actual Comparison '!J:J,'Cash Book'!E:E) -> 0 | L19: =SUMIFS('Cash Book'!$F:$F,'Cash Book'!$H:$H,'Budget Vs Actual Comparison '!$J:$J) -> 0
A20: 62010012 Admin - Dhl Charges | B20: =SUMIF('budget request for May''25'!$A:$A,'Budget Vs Actual Comparison '!$A:$A,'budget request for May''25'!$N:$N) -> 0 | C20: =SUMIF('budget request for May''25'!$A:$A,'Budget Vs Actual Comparison '!$A:$A,'budget request for May''25'!$M:$M) -> 0 | D20: =K20 -> 0 | E20: =L20 -> 0 | F20: =D20-B20 -> 0 | G20: =E20-C20 -> 0 | J20: Dhl Charges | K20: =SUMIF('Cash Book'!H:H,'Budget Vs Actual Comparison '!J:J,'Cash Book'!E:E) -> 0 | L20: =SUMIFS('Cash Book'!$F:$F,'Cash Book'!$H:$H,'Budget Vs Actual Comparison '!$J:$J) -> 0
A21: 62010013 Admin - Donation Expenses | B21: =SUMIF('budget request for May''25'!$A:$A,'Budget Vs Actual Comparison '!$A:$A,'budget request for May''25'!$N:$N) -> 0 | C21: =SUMIF('budget request for May''25'!$A:$A,'Budget Vs Actual Comparison '!$A:$A,'budget request for May''25'!$M:$M) -> 0 | D21: =K21 -> 0 | E21: =L21 -> 0 | F21: =D21-B21 -> 0 | G21: =E21-C21 -> 0 | J21: Donation Expenses | K21: =SUMIF('Cash Book'!H:H,'Budget Vs Actual Comparison '!J:J,'Cash Book'!E:E) -> 0 | L21: =SUMIFS('Cash Book'!$F:$F,'Cash Book'!$H:$H,'Budget Vs Actual Comparison '!$J:$J) -> 0
A22: 62010014 Admin - Electricity Expenses | B22: =SUMIF('budget request for May''25'!$A:$A,'Budget Vs Actual Comparison '!$A:$A,'budget request for May''25'!$N:$N) -> 0 | C22: =SUMIF('budget request for May''25'!$A:$A,'Budget Vs Actual Comparison '!$A:$A,'budget request for May''25'!$M:$M) -> 0 | D22: =K22 -> 0 | E22: =L22 -> 0 | F22: =D22-B22 -> 0 | G22: =E22-C22 -> 0 | J22: Electricity Expenses | K22: =SUMIF('Cash Book'!H:H,'Budget Vs Actual Comparison '!J:J,'Cash Book'!E:E) -> 0 | L22: =SUMIFS('Cash Book'!$F:$F,'Cash Book'!$H:$H,'Budget Vs Actual Comparison '!$J:$J) -> 0
A23: 62010015 Admin - Employee Bonus | B23: =SUMIF('budget request for May''25'!$A:$A,'Budget Vs Actual Comparison '!$A:$A,'budget request for May''25'!$N:$N) -> 0 | C23: =SUMIF('budget request for May''25'!$A:$A,'Budget Vs Actual Comparison '!$A:$A,'budget request for May''25'!$M:$M) -> 0 | D23: =K23 -> 0 | E23: =L23 -> 0 | F23: =D23-B23 -> 0 | G23: =E23-C23 -> 0 | J23: Employee Bonus | K23: =SUMIF('Cash Book'!H:H,'Budget Vs Actual Comparison '!J:J,'Cash Book'!E:E) -> 0 | L23: =SUMIFS('Cash Book'!$F:$F,'Cash Book'!$H:$H,'Budget Vs Actual Comparison '!$J:$J) -> 0
A24: 62010016 Admin - Employee Overtime Charges | B24: =SUMIF('budget request for May''25'!$A:$A,'Budget Vs Actual Comparison '!$A:$A,'budget request for May''25'!$N:$N) -> 0 | C24: =SUMIF('budget request for May''25'!$A:$A,'Budget Vs Actual Comparison '!$A:$A,'budget request for May''25'!$M:$M) -> 250000 | D24: =K24 -> 0 | E24: =L24 -> 0 | F24: =D24-B24 -> 0 | G24: =E24-C24 -> -250000 | J24: Employee Overtime Charges | K24: =SUMIF('Cash Book'!H:H,'Budget Vs Actual Comparison '!J:J,'Cash Book'!E:E) -> 0 | L24: =SUMIFS('Cash Book'!$F:$F,'Cash Book'!$H:$H,'Budget Vs Actual Comparison '!$J:$J) -> 0
A25: 62010017 Admin - Employee Salary Expenses | B25: =SUMIF('budget request for May''25'!$A:$A,'Budget Vs Actual Comparison '!$A:$A,'budget request for May''25'!$N:$N) -> 0 | C25: =SUMIF('budget request for May''25'!$A:$A,'Budget Vs Actual Comparison '!$A:$A,'budget request for May''25'!$M:$M) -> 0 | D25: =K25 -> 0 | E25: =L25 -> 0 | F25: =D25-B25 -> 0 | G25: =E25-C25 -> 0 | J25: Employee Salary Expenses | K25: =SUMIF('Cash Book'!H:H,'Budget Vs Actual Comparison '!J:J,'Cash Book'!E:E) -> 0 | L25: =SUMIFS('Cash Book'!$F:$F,'Cash Book'!$H:$H,'Budget Vs Actual Comparison '!$J:$J) -> 0
A26: 62010019 Admin - Employee Training Expenses - Local | B26: =SUMIF('budget request for May''25'!$A:$A,'Budget Vs Actual Comparison '!$A:$A,'budget request for May''25'!$N:$N) -> 0 | C26: =SUMIF('budget request for May''25'!$A:$A,'Budget Vs Actual Comparison '!$A:$A,'budget request for May''25'!$M:$M) -> 0 | D26: =K26 -> 0 | E26: =L26 -> 0 | F26: =D26-B26 -> 0 | G26: =E26-C26 -> 0 | J26: Employee Training Expenses - Local | K26: =SUMIF('Cash Book'!H:H,'Budget Vs Actual Comparison '!J:J,'Cash Book'!E:E) -> 0 | L26: =SUMIFS('Cash Book'!$F:$F,'Cash Book'!$H:$H,'Budget Vs Actual Comparison '!$J:$J) -> 0
A27: 62010021 Admin - Employee Travelling Expenses - Local Trip | B27: =SUMIF('budget request for May''25'!$A:$A,'Budget Vs Actual Comparison '!$A:$A,'budget request for May''25'!$N:$N) -> 0 | C27: =SUMIF('budget request for May''25'!$A:$A,'Budget Vs Actual Comparison '!$A:$A,'budget request for May''25'!$M:$M) -> 6400000 | D27: =K27 -> 0 | E27: =L27 -> 0 | F27: =D27-B27 -> 0 | G27: =E27-C27 -> -6400000 | J27: Employee Travelling Expenses - Local Trip | K27: =SUMIF('Cash Book'!H:H,'Budget Vs Actual Comparison '!J:J,'Cash Book'!E:E) -> 0 | L27: =SUMIFS('Cash Book'!$F:$F,'Cash Book'!$H:$H,'Budget Vs Actual Comparison '!$J:$J) -> 0
A28: 62010023 Admin - Employee Uniform Expenses | B28: =SUMIF('budget request for May''25'!$A:$A,'Budget Vs Actual Comparison '!$A:$A,'budget request for May''25'!$N:$N) -> 0 | C28: =SUMIF('budget request for May''25'!$A:$A,'Budget Vs Actual Comparison '!$A:$A,'budget request for May''25'!$M:$M) -> 0 | D28: =K28 -> 0 | E28: =L28 -> 0 | F28: =D28-B28 -> 0 | G28: =E28-C28 -> 0 | J28: Employee Uniform Expenses | K28: =SUMIF('Cash Book'!H:H,'Budget Vs Actual Comparison '!J:J,'Cash Book'!E:E) -> 0 | L28: =SUMIFS('Cash Book'!$F:$F,'Cash Book'!$H:$H,'Budget Vs Actual Comparison '!$J:$J) -> 0
A29: 62010024 Admin - Employee Welfare Expenses | B29: =SUMIF('budget request for May''25'!$A:$A,'Budget Vs Actual Comparison '!$A:$A,'budget request for May''25'!$N:$N) -> 0 | C29: =SUMIF('budget request for May''25'!$A:$A,'Budget Vs Actual Comparison '!$A:$A,'budget request for May''25'!$M:$M) -> 25000 | D29: =K29 -> 0 | E29: =L29 -> 0 | F29: =D29-B29 -> 0 | G29: =E29-C29 -> -25000 | J29: Employee Welfare Expenses | K29: =SUMIF('Cash Book'!H:H,'Budget Vs Actual Comparison '!J:J,'Cash Book'!E:E) -> 0 | L29: =SUMIFS('Cash Book'!$F:$F,'Cash Book'!$H:$H,'Budget Vs Actual Comparison '!$J:$J) -> 0
A30: 62010025 Admin - Entertainment Expenses | B30: =SUMIF('budget request for May''25'!$A:$A,'Budget Vs Actual Comparison '!$A:$A,'budget request for May''25'!$N:$N) -> 0 | C30: =SUMIF('budget request for May''25'!$A:$A,'Budget Vs Actual Comparison '!$A:$A,'budget request for May''25'!$M:$M) -> 40000 | D30: =K30 -> 0 | E30: =L30 -> 0 | F30: =D30-B30 -> 0 | G30: =E30-C30 -> -40000 | J30: Entertainment Expenses | K30: =SUMIF('Cash Book'!H:H,'Budget Vs Actual Comparison '!J:J,'Cash Book'!E:E) -> 0 | L30: =SUMIFS('Cash Book'!$F:$F,'Cash Book'!$H:$H,'Budget Vs Actual Comparison '!$J:$J) -> 0
A31: 62010026 Admin - Gift & Present Expenses | B31: =SUMIF('budget request for May''25'!$A:$A,'Budget Vs Actual Comparison '!$A:$A,'budget request for May''25'!$N:$N) -> 0 | C31: =SUMIF('budget request for May''25'!$A:$A,'Budget Vs Actual Comparison '!$A:$A,'budget request for May''25'!$M:$M) -> 0 | D31: =K31 -> 0 | E31: =L31 -> 0 | F31: =D31-B31 -> 0 | G31: =E31-C31 -> 0 | J31: Gift & Present Expenses | K31: =SUMIF('Cash Book'!H:H,'Budget Vs Actual Comparison '!J:J,'Cash Book'!E:E) -> 0 | L31: =SUMIFS('Cash Book'!$F:$F,'Cash Book'!$H:$H,'Budget Vs Actual Comparison '!$J:$J) -> 0
... A55: 62010060 Admin - Sales and Marketing Expenses | B55: =SUMIF('budget request for May''25'!$A:$A,'Budget Vs Actual Comparison '!$A:$A,'budget request for May''25'!$N:$N) -> 0 | C55: =SUMIF('budget request for May''25'!$A:$A,'Budget Vs Actual Comparison '!$A:$A,'budget request for May''25'!$M:$M) -> 0 | D55: =K55 -> 0 | E55: =L55 -> 0 | F55: =D55-B55 -> 0 | G55: =E55-C55 -> 0 | J55: Sales and Marketing Expenses | K55: =SUMIF('Cash Book'!H:H,'Budget Vs Actual Comparison '!J:J,'Cash Book'!E:E) -> 0 | L55: =SUMIFS('Cash Book'!$F:$F,'Cash Book'!$H:$H,'Budget Vs Actual Comparison '!$J:$J) -> 0
A56: TOTAL OPEX | B56: =SUM(B6:B55) -> 300 | C56: =SUM(C6:C55) -> 26276532 | D56: =SUM(D6:D55) -> 0 | E56: =SUM(E6:E55) -> 0 | F56: =B56-D56 -> 300 | G56: =E56-C56 -> -26276532 | K56: =SUM(K6:K55) -> 0 | L56: =SUM(L6:L55) -> 0
A57: Conbined Amount(MMK) | B57: =B56 -> 300 | C57: =C56 -> 26276532 | D57: =D56 -> 0 | E57: =E56 -> 0 | F57: =F56 -> 300 | G57: =G56 -> -26276532
B58: OPEX Variance % | G58: =G57/C57 -> -1 | H58: Measurement for Salary | K58: =K56 -> 0 | L58: =L56 -> 0
A60: COGS
A61: COGS - DHL Charges / Border Charges | B61: =SUMIF('budget request for May''25'!$A:$A,'Budget Vs Actual Comparison '!$A:$A,'budget request for May''25'!$N:$N) -> 0 | C61: =SUMIF('budget request for May''25'!$A:$A,'Budget Vs Actual Comparison '!$A:$A,'budget request for May''25'!$M:$M) -> 1900000 | D61: =K61 -> 0 | E61: =L61 -> 0 | F61: =D61-B61 -> 0 | G61: =E61-C61 -> -1900000 | J61: COGS - DHL Charges / Border Charges | K61: =SUMIF('Cash Book'!H:H,'Budget Vs Actual Comparison '!J:J,'Cash Book'!E:E) -> 0 | L61: =SUMIFS('Cash Book'!$F:$F,'Cash Book'!$H:$H,'Budget Vs Actual Comparison '!$J:$J) -> 0
A62: [51010001] COGS - Units & Parts | B62: =SUMIF('budget request for May''25'!$A:$A,'Budget Vs Actual Comparison '!$A:$A,'budget request for May''25'!$N:$N) -> 0 | C62: =SUMIF('budget request for May''25'!$A:$A,'Budget Vs Actual Comparison '!$A:$A,'budget request for May''25'!$M:$M) -> 127098000 | D62: =K62 -> 0 | E62: =L62 -> 0 | F62: =D62-B62 -> 0 | G62: =E62-C62 -> -127098000 | J62: COGS - Units & Parts | K62: =SUMIF('Cash Book'!H:H,'Budget Vs Actual Comparison '!J:J,'Cash Book'!E:E) -> 0 | L62: =SUMIFS('Cash Book'!$F:$F,'Cash Book'!$H:$H,'Budget Vs Actual Comparison '!$J:$J) -> 0
A63: COGS - Part | B63: =SUMIF('budget request for May''25'!$A:$A,'Budget Vs Actual Comparison '!$A:$A,'budget request for May''25'!$N:$N) -> 0 | C63: =SUMIF('budget request for May''25'!$A:$A,'Budget Vs Actual Comparison '!$A:$A,'budget request for May''25'!$M:$M) -> 0 | D63: =K63 -> 0 | E63: =L63 -> 0 | F63: =D63-B63 -> 0 | G63: =E63-C63 -> 0 | J63: COGS - Part | K63: =SUMIF('Cash Book'!H:H,'Budget Vs Actual Comparison '!J:J,'Cash Book'!E:E) -> 0 | L63: =SUMIFS('Cash Book'!$F:$F,'Cash Book'!$H:$H,'Budget Vs Actual Comparison '!$J:$J) -> 0
A64: Transportation Charges-Units | B64: =SUMIF('budget request for May''25'!$A:$A,'Budget Vs Actual Comparison '!$A:$A,'budget request for May''25'!$N:$N) -> 0 | C64: =SUMIF('budget request for May''25'!$A:$A,'Budget Vs Actual Comparison '!$A:$A,'budget request for May''25'!$M:$M) -> 0 | D64: =K64 -> 0 | E64: =L64 -> 0 | F64: =D64-B64 -> 0 | G64: =E64-C64 -> 0 | J64: Transportation Charges-Units | K64: =SUMIF('Cash Book'!H:H,'Budget Vs Actual Comparison '!J:J,'Cash Book'!E:E) -> 0 | L64: =SUMIFS('Cash Book'!$F:$F,'Cash Book'!$H:$H,'Budget Vs Actual Comparison '!$J:$J) -> 0
A65: [51040005] Cost of Rental-PSG | B65: =SUMIF('budget request for May''25'!$A:$A,'Budget Vs Actual Comparison '!$A:$A,'budget request for May''25'!$N:$N) -> 0 | C65: =SUMIF('budget request for May''25'!$A:$A,'Budget Vs Actual Comparison '!$A:$A,'budget request for May''25'!$M:$M) -> 0 | D65: =K65 -> 0 | E65: =L65 -> 0 | F65: =D65-B65 -> 0 | G65: =E65-C65 -> 0 | J65: Cost of Rental-PSG | K65: =SUMIF('Cash Book'!H:H,'Budget Vs Actual Comparison '!J:J,'Cash Book'!E:E) -> 0 | L65: =SUMIFS('Cash Book'!$F:$F,'Cash Book'!$H:$H,'Budget Vs Actual Comparison '!$J:$J) -> 0
A66: 51020046COGS - Mecc Alte Spare Parts | B66: =SUMIF('budget request for May''25'!$A:$A,'Budget Vs Actual Comparison '!$A:$A,'budget request for May''25'!$N:$N) -> 0 | C66: =SUMIF('budget request for May''25'!$A:$A,'Budget Vs Actual Comparison '!$A:$A,'budget request for May''25'!$M:$M) -> 0 | D66: =K66 -> 0 | E66: =L66 -> 0 | F66: =D66-B66 -> 0 | G66: =E66-C66 -> 0 | J66: COGS-Mecc Alte Spare Parts | K66: =SUMIF('Cash Book'!H:H,'Budget Vs Actual Comparison '!J:J,'Cash Book'!E:E) -> 0 | L66: =SUMIFS('Cash Book'!$F:$F,'Cash Book'!$H:$H,'Budget Vs Actual Comparison '!$J:$J) -> 0
A67: 51010054 COGS - Commission Units, ASM /Sales man Incentive | B67: =SUMIF('budget request for May''25'!$A:$A,'Budget Vs Actual Comparison '!$A:$A,'budget request for May''25'!$N:$N) -> 0 | C67: =SUMIF('budget request for May''25'!$A:$A,'Budget Vs Actual Comparison '!$A:$A,'budget request for May''25'!$M:$M) -> 2124200 | D67: =K67 -> 0 | E67: =L67 -> 0 | F67: =D67-B67 -> 0 | G67: =E67-C67 -> -2124200 | J67: COGS-Commission Units, ASM /Sales man Incentive | K67: =SUMIF('Cash Book'!H:H,'Budget Vs Actual Comparison '!J:J,'Cash Book'!E:E) -> 0 | L67: =SUMIFS('Cash Book'!$F:$F,'Cash Book'!$H:$H,'Budget Vs Actual Comparison '!$J:$J) -> 0
A68: 51010061 COGS - Units Licence And Duty Cost | B68: =SUMIF('budget request for May''25'!$A:$A,'Budget Vs Actual Comparison '!$A:$A,'budget request for May''25'!$N:$N) -> 0 | C68: =SUMIF('budget request for May''25'!$A:$A,'Budget Vs Actual Comparison '!$A:$A,'budget request for May''25'!$M:$M) -> 0 | E68: =L68 -> 0 | F68: =D68-B68 -> 0 | G68: =E68-C68 -> 0 | J68: COGS - Units Licence And Duty Cost | K68: =SUMIF('Cash Book'!H:H,'Budget Vs Actual Comparison '!J:J,'Cash Book'!E:E) -> 0 | L68: =SUMIFS('Cash Book'!$F:$F,'Cash Book'!$H:$H,'Budget Vs Actual Comparison '!$J:$J) -> 0
A69: TOTAL COGS | B69: =SUM(B60:B68) -> 0 | C69: =SUM(C60:C68) -> 131122200 | D69: =SUM(D60:D68) -> 0 | E69: =SUM(E60:E68) -> 0 | F69: =SUM(F60:F68) -> 0 | G69: =SUM(G60:G68) -> -131122200 | K69: =SUM(K61:K68) -> 0 | L69: =SUM(L61:L68) -> 0
A70: Fixed Assets(CAPEX) | E70: =L70 -> 0 | G70: =E70-C70 -> 0 | K70: =SUMIF('Cash Book'!$E:$E,'Cash Book'!$H:$H,'Budget Vs Actual Comparison '!$J:$J) -> 0
A71: [15020001] FA - Computer and Electrical Equipment | B71: =SUMIF($A:$A,'budget request for May''25'!$A:$A,'budget request for May''25'!$N:$N) -> 0 | C71: =SUMIF('budget request for May''25'!$A:$A,'Budget Vs Actual Comparison '!$A:$A,'budget request for May''25'!$M:$M) -> 0 | D71: =K71 -> 0 | E71: =L71 -> 0 | G71: =E71-C71 -> 0 | K71: =SUMIF('Cash Book'!$E:$E,'Cash Book'!$H:$H,'Budget Vs Actual Comparison '!$J:$J) -> 0 | L71: =SUMIFS('Cash Book'!$F:$F,'Cash Book'!$H:$H,'Budget Vs Actual Comparison '!$J:$J) -> 0
A72: [15024000] FA - Motor Vehicle | B72: =SUMIF($A:$A,'budget request for May''25'!$A:$A,'budget request for May''25'!$N:$N) -> 0 | C72: =SUMIF('budget request for May''25'!$A:$A,'Budget Vs Actual Comparison '!$A:$A,'budget request for May''25'!$M:$M) -> 0 | D72: =K72 -> 0 | E72: =L72 -> 0 | G72: =E72-C72 -> 0 | K72: =SUMIF('Cash Book'!$E:$E,'Cash Book'!$H:$H,'Budget Vs Actual Comparison '!$J:$J) -> 0
A73: TOTAL CAPEX | B73: =SUM(B71:B72) -> 0 | C73: =SUM(C71:C72) -> 0 | D73: =SUM(D71:D72) -> 0 | E73: =SUM(E71:E72) -> 0 | F73: =SUM(F71:F72) -> 0 | G73: =E73-C73 -> 0 | K73: =SUM(K70:K72) -> 0 | L73: =SUM(L70:L72) -> 0
C74: =SUMIF('budget request for May''25'!A:A,'Budget Vs Actual Comparison '!A:A,'budget request for May''25'!M:M) -> 0
A75: TOTAL Monthly Cash Budget Vs Actual Comparison | B75: =B56+B69+B73 -> 300 | C75: =C56+C69+C73 -> 157398732 | D75: =D56+D69+D73 -> 0 | E75: =E56+E69+E73 -> 0 | F75: =F56+F69+F73 -> 300 | G75: =G56+G69+G73 -> -157398732 | K75: =K56+K69+K73 -> 0 | L75: =L56+L69+L73 -> 0
B76: Cogs Variance % | G76: =G69/C69 -> -1
A78: Prepared By Checked by | B78: Approved By | G78: Approved By
A81: Su Su Hlaing Nway Nway | B81: Phyo Thu | G81: Aye Min Htoon
A82: Finance & Account Finance & Account | B82: AGM/GM | G82: ACOO/COO

Sheet Cash Book
A1: Date | B1: Voucher No | C1: Comer | D1: Note | E1: USD | F1: Amount | G1: Exp | H1: dd | I1: Remark
E67: 0 | F67: 0
E68: 0 | F68: 0
E69: 0 | F69: 0
E70: 0 | F70: 0
E71: 0 | F71: 0
E72: 0 | F72: 0
E73: 0 | F73: 0
E74: 0 | F74: 0
E75: 0 | F75: 0
E76: 0 | F76: 0
E77: 0 | F77: 0
E78: 0 | F78: 0
D79: Out | E79: =SUBTOTAL(9,E2:E78) -> 0 | F79: =SUBTOTAL(9,F2:F78) -> 0

Sheet COA - for reference only
A1: OPEX | B1: Description(BU/BR)
A2: 61010009 Tools and Equipment | B2: Tools & S'part Packing Expense , Purchase equipment for CE Job
A3: 61010011 Travelling cost of sale team | B3: Travelling Charges for sale team , Sale & Marketing & Rental Transporter Way Job.
A4: 61010027 Employee Social Insurance | B4: Insurance for Employee
A5: 61001032 Admin - Commission and Incentive | B5: Commission give to agents and Incentive give to employee
A6: 62010001 Admin - Advertising Expenses | B6: Making Sign Board /Signboard installation /Repair Signboard /Pamphlet Charges/Sticker Printing/Article Fees for Online Facebook Page/Booklets/ Vinyl
A7: 62010002 Admin - Audit Fees | B7: Audit Charges
A8: 62010003 Admin - Bank Charges | B8: Bank Charges
A9: 62010005 Admin - Car Fuel Expenses | B9: Expenses for diesel, gasoline, Octane and CNG of all company's cars and motor cycle
A10: 62010006 Admin - Car Licence Charges | B10: Car/ Cycle Licence Extension, Wheel Tax Fee
A11: 62010007 Admin - Car Repair & Maintenance Charges | B11: Repair Body & Paint / Buying Tyre/Change Engine and Engine Oil/Change Car Battery / Cycle Repair / Motor Bike Repair/ Forklift Repair
A12: 62010008 Admin - Communication & Telephone Expenses | B12: Telephone Bill / Internet Bill /Wifi Adapter
... A49: 62010059 Admin - Machine Repair & Maintenance | B49: Machine Repair Charges/ Installation Charges
A50: COGS
A51: 51020046COGS - Mecc Alte Spare Parts | B51: S'part Dept; for local part purchase order; Customer urgent order & inventory stock
A52: 51010054 COGS - Commission Units | B52: Broker Fee
A53: 51010061 COGS - Units Licence And Duty Cost | B53: Duty & Clearance Charges
A54: Repossess Expenses | B54: Repossess machine transportation charges
A55: Fixed Assets(CAPX)
A56: [15025000] FA - Furniture and Fixture | B56: Watercooler,…....
A57: [15020001] FA - Computer and Electrical Equipment | B57: Computer ,Color Printer , Printer,…......
A58: [15024000] FA - Motor Vehicle | B58: Purchase Cycle , Car,Forklift ,Bike,.....
